 Dungeon Crawl Stone Soup version 0.22-a0-271-gc000056 (webtiles) character file.

41416 tidbits the Martial Artist (level 14, -3/108 HPs)
             Began as a Gnoll Transmuter on Mar 11, 2018.
             Was a High Priest of Cheibriados.
             Killed from afar by a lindwurm (41 damage)
             ... with a blast of flame
             ... on level 6 of the Lair of Beasts.
             The game lasted 01:05:21 (5141 turns).

tidbits the Martial Artist (Gnoll Transmuter)       Turns: 5141, Time: 01:05:22

Health: -3/108     AC: 14    Str: 27    XL:     14   Next: 15%
Magic:  9/37       EV: 22    Int: 35    God:    Cheibriados [*****.]
Gold:   912        SH:  0    Dex: 31    Spells: 5/33 levels left

rFire    . . .     SeeInvis .     - Unarmed
rCold    . . .     Gourm    .   (no shield)
rNeg     . . .     Faith    +   B - +4 ring mail
rPois    .         Spirit   .   (no helmet)
rElec    .         Reflect  .   C - +2 cloak
rCorr    .         Harm     .   (no gloves)
MR       +....                  (no boots)
Stlth    ++++......             X - amulet of faith
HPRegen  0.28/turn              I - ring of magical power
MPRegen  0.25/turn              Y - +3 ring of slaying

@: very slow
A: distributed training, fangs 1, agile 1, mutation resistance 1, strong nose
a: Bend Time, Temporal Distortion, Slouch, Step From Time, Renounce Religion


You were on level 6 of the Lair of Beasts.
You worshipped Cheibriados.
Cheibriados was extremely pleased with you.
You were not hungry.

You visited 3 branches of the dungeon, and saw 19 of its levels.
You also visited: Ice Cave.

You collected 912 gold pieces.

Inventory:

Hand Weapons
 d - the +3 trident of Xyma {pierce, *Noise +Blink +Rage rF++}
   (You found it on level 2 of the Lair of Beasts)

   It inflicts extra damage upon your enemies.
   It greatly protects you from fire.
   It lets you blink.
   It lets you go berserk.
   It may make noises in combat.
 g - a +0 dagger
 v - a +1 whip of electrocution
   (You took it off an orc on level 7 of the Dungeon)
 A - a +1 hand axe of electrocution
   (You took it off an orc on level 3 of the Dungeon)
 H - a +0 battleaxe of freezing
   (You took it off a frost giant in an ice cave)
 L - the +0 trident of Jah Rot {flame, *Slow Str+5 Dex+4}
   (You found it on level 10 of the Dungeon)

   It has been specially enchanted to burn those struck by it, causing extra
   injury to most foes and up to half again as much damage against particularly
   susceptible opponents.
   It affects your strength (+5).
   It affects your dexterity (+4).
   It may slow you when you take damage.
 Q - a +2 scimitar of flaming
   (You took it off Erica on level 11 of the Dungeon)
 U - a +0 shortbow
 W - a +4 battleaxe of flaming
   (You found it in an ice cave)
Missiles
 a - 247 arrows
 n - 4 throwing nets {!f}
 F - 47 stones
 O - 5 tomahawks (quivered)
Armour
 o - a +1 robe
 w - a +0 robe
 B - a +4 ring mail (worn)
 C - a +2 cloak (worn)
 M - the +1 robe "Fioclub" {Str+3 Int+2 Dex+2}
   (You found it on level 8 of the Dungeon)

   It affects your strength (+3).
   It affects your intelligence (+2).
   It affects your dexterity (+2).
 N - the +8 chain mail of the Original Sin {*Contam +Blink MR+++ Int-2, unknown}
   (You found it on level 9 of the Dungeon)

   It affects your intelligence (-2).
   It affects your resistance to hostile enchantments.
   It lets you blink.
   It causes magical contamination when unequipped.
 R - a +3 leather armour
 S - a +2 robe
Magical Staves
 s - an uncursed staff of wizardry {!a}
   (You found it on level 6 of the Lair of Beasts)
Jewellery
 b - an uncursed ring of teleportation
   (You found it on level 5 of the Dungeon)
 k - an uncursed ring of resist corrosion
   (You found it on level 11 of the Dungeon)
 I - a ring of magical power (left hand)
   (You found it on level 9 of the Dungeon)
 X - an amulet of faith (around neck)
   (You took it off a centaur on level 11 of the Dungeon)
 Y - a +3 ring of slaying (right hand)
   (You found it on level 2 of the Lair of Beasts)
Wands
 f - a wand of polymorph (26)
 j - a wand of acid (2)
 K - a wand of iceblast (21)
 T - a wand of disintegration (4)
 V - a wand of flame (13)
Scrolls
 i - a scroll of identify
 m - 4 scrolls of teleportation
 r - 3 scrolls of remove curse
 u - 4 scrolls of amnesia
 y - a scroll of noise
 z - a scroll of silence
 E - 3 scrolls of blinking
 G - a scroll of fear
Potions
 e - 4 potions of curing
 l - 2 potions of heal wounds
 p - 2 potions of cancellation
 q - a potion of experience
 t - a potion of ambrosia
 x - a potion of flight
 D - 2 potions of lignification
 J - 2 potions of brilliance
 P - a potion of degeneration
 Z - 2 potions of haste
Miscellaneous
 h - a crystal ball of energy
Comestibles
 c - 21 rations


   Skills:
 + Level 9.3 Fighting
 + Level 9.0 Short Blades
 + Level 9.0 Long Blades
 + Level 9.0 Axes
 + Level 9.0 Maces & Flails
 + Level 9.0 Polearms
 + Level 9.0 Staves
 + Level 9.0 Slings
 + Level 9.0 Bows
 + Level 9.0 Crossbows
 + Level 9.0 Throwing
 + Level 9.0 Armour
 + Level 10.0 Dodging
 + Level 9.0 Stealth
 + Level 9.0 Shields
 + Level 11.0 Unarmed Combat
 + Level 10.2 Spellcasting
 + Level 7.4 Conjurations
 + Level 7.4 Hexes
 + Level 7.4 Charms
 + Level 7.4 Summonings
 + Level 7.4 Necromancy
 + Level 7.4 Translocations
 + Level 8.4 Transmutations
 + Level 7.4 Fire Magic
 + Level 7.4 Ice Magic
 + Level 7.4 Air Magic
 + Level 7.4 Earth Magic
 + Level 7.4 Poison Magic
 + Level 9.7 Invocations
 + Level 9.0 Evocations


You had 5 spell levels left.
You knew the following spells:

 Your Spells              Type           Power        Failure   Level  Hunger
b - Blink                 Tloc           N/A          1%          2    None
c - Conjure Flame         Conj/Fire      ######..     1%          3    None
e - Beastly Appendage     Tmut           ######       1%          1    None
h - Blade Hands           Tmut           ######....   2%          5    ##.....
i - Ice Form              Ice/Tmut       ######..     1%          4    None
k - Sticks to Snakes      Tmut           ######..     1%          2    None
p - Spider Form           Tmut/Pois      ######....   1%          3    None
r - Regeneration          Chrm/Necr      ######....   1%          3    None
v - Borgnjor's Vile Clut  Necr/Erth      ######....   4%          5    ##.....


Dungeon Overview and Level Annotations

Branches:
Dungeon (12/15)            Temple (1/1) D:5            Lair (6/6) D:9
    Orc (0/2) D:9
  Swamp: Lair:2-4    Shoals: Lair:2-4     Snake: Lair:2-4    Spider: Lair:2-4
  Slime: Lair:5-6

Altars:
Ashenzari
Cheibriados
Dithmenos
Gozag
Hepliaklqana
Nemelex Xobeh
Okawaru
Qazlal
Ru
Trog
Uskayaw
Vehumet
Wu Jian
Xom

Shops:
D:4 =   D:11 (

Annotations:
D:11 Maurice


Innate Abilities, Weirdness & Mutations

Your experience applies equally to all skills.
You have very sharp teeth.
Your uncanny sense of smell can sniff out nearby items.
You are agile. (Dex +2)
You are somewhat resistant to further mutation.


Message History

Unknown command.
Okay, then.
Unknown command.
Casting: Blade Hands (safe; 2% risk of failure)
Confirm with . or Enter, or press ? or * to list all spells.
You blink.
The manticore flicks its tail.
The volley of spikes hits you!
The barbed spikes become lodged in your body.
Unknown command.
Casting: Blink (safe; 1% risk of failure)
Confirm with . or Enter, or press ? or * to list all spells.
Aiming: Borgnjor's Vile Clutch (safe; 4% risk of failure)
Press: ? - help, Dir - move target cursor, f - manticore
Aim: a manticore (moderately wounded) Decaying hands burst forth from the earth!
Zombie hands grab the manticore.
Zombie hands grab the eight-headed hydra.
Zombie hands grab the death yak.
The zombie hands constrict the death yak.
The zombie hands constrict the eight-headed hydra!
The zombie hands constrict the manticore.
The death yak struggles to escape constriction.
The eight-headed hydra struggles to escape constriction.
The manticore flicks its tail.
The volley of spikes hits you!
The barbed spikes become lodged in your body.
The death yak gores you but does no damage.
Unknown command.
You can feel time thicken for a moment.
You feel somewhat more hungry.
The zombie hands constrict the death yak.
The zombie hands constrict the eight-headed hydra!
The zombie hands constrict the manticore.
You kill the manticore!
Cheibriados appreciates the change of pace.
The death yak struggles to escape constriction.
The eight-headed hydra struggles to escape constriction.
The death yak barely misses you.
Unknown command.
You can feel time thicken for a moment.
You kill the eight-headed hydra!
Cheibriados appreciates the change of pace.
You kill the death yak!
Cheibriados appreciates the change of pace.
You kill the death yak!
Cheibriados thoroughly appreciates the change of pace.
Your Short Blades skill increases to level 9!
Your Long Blades skill increases to level 9!
Your Axes skill increases to level 9!
Your Maces & Flails skill increases to level 9!
Your Polearms skill increases to level 9!
Your Staves skill increases to level 9!
Your Slings skill increases to level 9!
Your Bows skill increases to level 9!
Your Crossbows skill increases to level 9!
Your Throwing skill increases to level 9!
Your Armour skill increases to level 9!
Your Stealth skill increases to level 9!
Your Shields skill increases to level 9!
Your Unarmed Combat skill increases to level 11!
Your Evocations skill increases to level 9!
You feel somewhat more hungry.
Cheibriados lowers the support of your attributes as your movement quickens.
Unknown command.
You start resting.
You carefully extract the barbed spikes from your body.
Things that are here:
a manticore corpse; a rime drake corpse Butcher a manticore corpse? [(y)es/(n)o/(a)ll/(q)uit/?]
Butcher a rime drake corpse? [(y)es/(n)o/(a)ll/(q)uit/?]
Okay, then.
You butcher the manticore corpse.
Things that are here:
3 chunks of flesh; a manticore skeleton; a rime drake corpse Unknown command.
Eat one of 3 chunks of flesh? (ye/n/q)
You eat one of the 3 chunks of flesh.
This raw flesh tastes terrible.
Okay, then.
Found a shiny chain mail.
A catoblepas, a lindwurm and 2 dream sheep come into view.
The dream sheep bleats! x2; The lindwurm roars!
The dream sheep ruffle their wool and motes of dream dust sparkle, to no effect.
The catoblepas gores you!
Unknown command.
Casting: Borgnjor's Vile Clutch (safe; 4% risk of failure)
Confirm with . or Enter, or press ? or * to list all spells.
Aiming: Borgnjor's Vile Clutch (safe; 4% risk of failure)
Press: ? - help, Dir - move target cursor, f - lindwurm
Aim: a lindwurm Decaying hands burst forth from the earth!
Zombie hands grab the lindwurm.
Zombie hands grab the dream sheep.
Zombie hands grab the catoblepas.
Zombie hands grab the dream sheep.
The zombie hands constrict the dream sheep! x2
The zombie hands constrict the catoblepas!
The zombie hands constrict the lindwurm.
The catoblepas gores you!!
* * * LOW HITPOINT WARNING * * *
The dream sheep struggles to escape constriction.
The lindwurm breathes flames at you. The blast of flame hits you!
You die...

.......# ##............ ...<..##
###.......... ......# #
#.......... ......# ∆
P###.......... ......# ∆∆∆#####
.##.........PP ......# ∆
#...#...#.P....P.... ......#
#.Y.#..P##....##.... .....##
#####.YkY...##...P##.... .....#
##..P###@#..##...÷..##... .<...#
##....#.....P##..PP÷..##..
.....###.#.........####.......##.
.....P###...#.......# ##.#.....##
.....###P.....#...### #..###...÷#
.....###..#####...# ##..P.###.††
.....##...#...##### #....P..###.
...(..#P..#...[### #.........##
.....##...#...##.## #..#........


You could see a catoblepas, a lindwurm and 2 dream sheep.

Vanquished Creatures
  A frost giant (IceCv)
  2 hydras
  A catoblepas (Lair:6)
  Erica (D:11)
  A two-headed ogre (D:8)
  3 death yaks
  Nergalle (D:11)
  An unseen horror (D:12)
  2 wolf spiders (Lair:6)
  2 manticores
  2 elephants (Lair:6)
  8 black mambas (Lair:6)
  A centaur zombie (D:11)
  An ice statue (IceCv)
  A guardian serpent (Lair:6)
  7 spiny frogs (Lair:6)
  2 rime drakes
  2 komodo dragons
  14 polar bears (IceCv)
  3 hornets
  2 trolls (D:11)
  2 slime creatures (D:11)
  12 blink frogs
  7 hippogriffs
  A redback (Lair:6)
  11 wyverns
  A wraith (D:11)
  35 yaks
  4 vampire mosquitoes (D:11)
  A hungry ghost (D:8)
  2 basilisks
  2 porcupines
  14 water moccasins (Lair:6)
  3 orc warriors
  2 ice beasts
  A hornet zombie (D:11)
  4 ogres
  A necrophage (D:11)
  2 black bears
  22 wolves
  2 phantoms
  10 centaurs
  3 crocodiles (Lair:6)
  A gnoll sergeant (D:9)
  8 bullfrogs
  A scorpion (D:9)
  6 killer bees (D:12)
  3 electric eels (Lair:2)
  2 howler monkeys (D:9)
  A bullfrog zombie (D:5)
  2 crimson imps
  6 jellies
  3 hounds
  Crazy Yiuf (D:7)
  7 orc priests
  2 centaur skeletons (D:9)
  2 iguanas (D:8)
  9 orc wizards
  4 worker ants
  A killer bee zombie (D:7)
  A worker ant zombie (D:8)
  5 gnolls (D:9)
  5 adders
  2 shadow imps (D:6)
  An ooze (D:7)
  A worm (D:2)
  4 leopard geckos
  40 orcs
  3 bats
  5 giant cockroaches
  4 goblins
  4 hobgoblins (D:1)
  A jackal (D:7)
  4 quokkas
  A ball python (D:6)
  A frilled lizard (D:4)
  2 kobolds (D:1)
  17 rats
  A fungus (Lair:6)
  A plant (Lair:6)
362 creatures vanquished.

Vanquished Creatures (collateral kills)
  A polar bear (IceCv)
  A wyvern (Lair:6)
  2 water moccasins (Lair:6)
  An ogre (D:7)
  A crocodile (Lair:6)
  A worker ant zombie (D:9)
  2 orcs
  4 giant cockroaches (Lair:6)
  A goblin (D:2)
  A jackal (D:7)
  A fungus (Lair:6)
16 creatures vanquished.

Vanquished Creatures (others)
  2 polar bears (IceCv)
  A butterfly (Lair:5)
  A fungus (Lair:5)
  3 plants (Lair:6)
7 creatures vanquished.

Grand Total: 385 creatures vanquished

Notes
Turn   | Place    | Note
-------+----------+-------------------------------------------
     0 | D:1      | tidbits the Gnoll Transmuter began the quest for the Orb.
     0 | D:1      | Reached XP level 1. HP: 17/17 MP: 6/6
    63 | D:1      | Reached XP level 2. HP: 17/23 MP: 5/7
    71 | D:1      | Learned a level 2 spell: Sticks to Snakes
   259 | D:2      | Reached XP level 3. HP: 25/28 MP: 7/9
   264 | D:2      | Learned a level 3 spell: Spider Form
   296 | D:2      | Reached skill level 5 in Spellcasting
   422 | D:2      | Reached skill level 1 in Invocations
   432 | D:3      | Found an opulent altar of Gozag.
   473 | D:3      | Reached skill level 1 in Short Blades
   473 | D:3      | Reached skill level 1 in Long Blades
   473 | D:3      | Reached skill level 1 in Axes
   473 | D:3      | Reached skill level 1 in Maces & Flails
   473 | D:3      | Reached skill level 1 in Polearms
   473 | D:3      | Reached skill level 1 in Staves
   473 | D:3      | Reached skill level 1 in Slings
   473 | D:3      | Reached skill level 1 in Bows
   473 | D:3      | Reached skill level 1 in Crossbows
   473 | D:3      | Reached skill level 1 in Throwing
   473 | D:3      | Reached skill level 1 in Armour
   473 | D:3      | Reached skill level 1 in Stealth
   473 | D:3      | Reached skill level 1 in Shields
   473 | D:3      | Reached skill level 1 in Evocations
   513 | D:5      | Entered Level 5 of the Dungeon
   590 | D:4      | Reached XP level 4. HP: 29/34 MP: 7/11
   593 | D:4      | Noticed a phantom
   634 | D:4      | Found Vetriovu's Jewellery Shop.
   654 | D:4      | Found a shadowy altar of Dithmenos.
   662 | D:4      | Noticed a phantom
   728 | D:4      | Killed a phantom
   728 | D:4      | Reached skill level 1 in Conjurations
   728 | D:4      | Reached skill level 1 in Hexes
   728 | D:4      | Reached skill level 1 in Charms
   728 | D:4      | Reached skill level 1 in Summonings
   728 | D:4      | Reached skill level 1 in Necromancy
   728 | D:4      | Reached skill level 1 in Translocations
   728 | D:4      | Reached skill level 1 in Fire Magic
   728 | D:4      | Reached skill level 1 in Ice Magic
   728 | D:4      | Reached skill level 1 in Air Magic
   728 | D:4      | Reached skill level 1 in Earth Magic
   728 | D:4      | Reached skill level 1 in Poison Magic
   728 | D:4      | Reached XP level 5. HP: 33/40 MP: 2/12
   739 | D:4      | Found a sacrificial altar of Ru.
   761 | D:5      | Found a stormy altar of Qazlal.
   854 | D:5      | Reached skill level 3 in Fighting
   861 | D:5      | Reached skill level 4 in Transmutations
   906 | D:5      | Found a staircase to the Ecumenical Temple.
   919 | D:5      | Reached XP level 6. HP: 33/47 MP: 10/13
   936 | Temple   | Entered the Ecumenical Temple
   956 | Temple   | Became a worshipper of Cheibriados the Contemplative
  1013 | D:6      | Reached skill level 2 in Invocations
  1021 | D:6      | Reached skill level 2 in Short Blades
  1021 | D:6      | Reached skill level 2 in Long Blades
  1021 | D:6      | Reached skill level 2 in Axes
  1021 | D:6      | Reached skill level 2 in Maces & Flails
  1021 | D:6      | Reached skill level 2 in Polearms
  1021 | D:6      | Reached skill level 2 in Staves
  1021 | D:6      | Reached skill level 2 in Slings
  1021 | D:6      | Reached skill level 2 in Bows
  1021 | D:6      | Reached skill level 2 in Crossbows
  1021 | D:6      | Reached skill level 2 in Throwing
  1021 | D:6      | Reached skill level 2 in Armour
  1021 | D:6      | Reached skill level 5 in Dodging
  1021 | D:6      | Reached skill level 2 in Stealth
  1021 | D:6      | Reached skill level 2 in Shields
  1021 | D:6      | Reached skill level 2 in Evocations
  1060 | D:7      | Noticed an orc warrior
  1071 | D:6      | Killed an orc warrior
  1071 | D:6      | Reached XP level 7. HP: 8/52 MP: 12/15
  1225 | D:6      | Reached skill level 7 in Unarmed Combat
  1229 | D:6      | Found a hazy altar of Hepliaklqana.
  1263 | D:6      | Reached skill level 2 in Conjurations
  1263 | D:6      | Reached skill level 2 in Hexes
  1263 | D:6      | Reached skill level 2 in Charms
  1263 | D:6      | Reached skill level 2 in Summonings
  1263 | D:6      | Reached skill level 2 in Necromancy
  1263 | D:6      | Reached skill level 2 in Translocations
  1263 | D:6      | Reached skill level 2 in Fire Magic
  1263 | D:6      | Reached skill level 2 in Ice Magic
  1263 | D:6      | Reached skill level 2 in Air Magic
  1263 | D:6      | Reached skill level 2 in Earth Magic
  1263 | D:6      | Reached skill level 2 in Poison Magic
  1475 | D:7      | Reached skill level 3 in Invocations
  1482 | D:7      | Reached * piety under Cheibriados
  1485 | D:7      | Reached XP level 8. HP: 18/60 MP: 10/16
  1554 | D:7      | Reached skill level 4 in Fighting
  1554 | D:7      | Reached skill level 3 in Short Blades
  1554 | D:7      | Reached skill level 3 in Long Blades
  1554 | D:7      | Reached skill level 3 in Axes
  1554 | D:7      | Reached skill level 3 in Maces & Flails
  1554 | D:7      | Reached skill level 3 in Polearms
  1554 | D:7      | Reached skill level 3 in Staves
  1554 | D:7      | Reached skill level 3 in Slings
  1554 | D:7      | Reached skill level 3 in Bows
  1554 | D:7      | Reached skill level 3 in Crossbows
  1554 | D:7      | Reached skill level 3 in Throwing
  1554 | D:7      | Reached skill level 3 in Armour
  1554 | D:7      | Reached skill level 3 in Stealth
  1554 | D:7      | Reached skill level 3 in Shields
  1554 | D:7      | Reached skill level 3 in Evocations
  1623 | D:7      | Reached skill level 6 in Fighting
  1623 | D:7      | Reached skill level 5 in Short Blades
  1623 | D:7      | Reached skill level 5 in Long Blades
  1623 | D:7      | Reached skill level 5 in Axes
  1623 | D:7      | Reached skill level 5 in Maces & Flails
  1623 | D:7      | Reached skill level 5 in Polearms
  1623 | D:7      | Reached skill level 5 in Staves
  1623 | D:7      | Reached skill level 5 in Slings
  1623 | D:7      | Reached skill level 5 in Bows
  1623 | D:7      | Reached skill level 5 in Crossbows
  1623 | D:7      | Reached skill level 5 in Throwing
  1623 | D:7      | Reached skill level 5 in Armour
  1623 | D:7      | Reached skill level 7 in Dodging
  1623 | D:7      | Reached skill level 5 in Stealth
  1623 | D:7      | Reached skill level 5 in Shields
  1623 | D:7      | Reached skill level 8 in Unarmed Combat
  1623 | D:7      | Reached skill level 7 in Spellcasting
  1623 | D:7      | Reached skill level 4 in Conjurations
  1623 | D:7      | Reached skill level 4 in Hexes
  1623 | D:7      | Reached skill level 4 in Charms
  1623 | D:7      | Reached skill level 4 in Summonings
  1623 | D:7      | Reached skill level 4 in Necromancy
  1623 | D:7      | Reached skill level 4 in Translocations
  1623 | D:7      | Reached skill level 5 in Transmutations
  1623 | D:7      | Reached skill level 4 in Fire Magic
  1623 | D:7      | Reached skill level 4 in Ice Magic
  1623 | D:7      | Reached skill level 4 in Air Magic
  1623 | D:7      | Reached skill level 4 in Earth Magic
  1623 | D:7      | Reached skill level 4 in Poison Magic
  1623 | D:7      | Reached skill level 5 in Invocations
  1623 | D:7      | Reached skill level 5 in Evocations
  1623 | D:7      | Reached XP level 9. HP: 34/69 MP: 16/20
  1630 | D:7      | Learned a level 5 spell: Blade Hands
  1689 | D:8      | Noticed a two-headed ogre
  1733 | D:8      | Reached ** piety under Cheibriados
  1733 | D:8      | Reached skill level 6 in Transmutations
  1733 | D:8      | Reached skill level 6 in Invocations
  2061 | D:7      | Found a runed door.
  2065 | D:7      | Noticed Crazy Yiuf
  2069 | D:7      | Killed Crazy Yiuf
  2212 | D:8      | Killed a two-headed ogre
  2212 | D:8      | Reached XP level 10. HP: 77/77 MP: 17/21
  2377 | D:9      | Found a staircase to the Orcish Mines.
  2419 | D:9      | Found a staircase to the Lair.
  2500 | D:8      | Reached *** piety under Cheibriados
  2611 | D:10     | Entered Level 10 of the Dungeon
  2684 | D:11     | Noticed Maurice
  2697 | D:10     | Got a crystal trident
  2738 | D:8      | Got a tattered robe
  2761 | D:9      | Got a crude chain mail
  2832 | D:11     | Reached skill level 6 in Short Blades
  2832 | D:11     | Reached skill level 6 in Long Blades
  2832 | D:11     | Reached skill level 6 in Axes
  2832 | D:11     | Reached skill level 6 in Maces & Flails
  2832 | D:11     | Reached skill level 6 in Polearms
  2832 | D:11     | Reached skill level 6 in Staves
  2832 | D:11     | Reached skill level 6 in Slings
  2832 | D:11     | Reached skill level 6 in Bows
  2832 | D:11     | Reached skill level 6 in Crossbows
  2832 | D:11     | Reached skill level 6 in Throwing
  2832 | D:11     | Reached skill level 6 in Armour
  2832 | D:11     | Reached skill level 6 in Stealth
  2832 | D:11     | Reached skill level 6 in Shields
  2832 | D:11     | Reached skill level 9 in Unarmed Combat
  2832 | D:11     | Reached skill level 6 in Evocations
  2889 | D:11     | Noticed Erica
  2891 | D:11     | Reached skill level 5 in Conjurations
  2891 | D:11     | Reached skill level 5 in Hexes
  2891 | D:11     | Reached skill level 5 in Charms
  2891 | D:11     | Reached skill level 5 in Summonings
  2891 | D:11     | Reached skill level 5 in Necromancy
  2891 | D:11     | Reached skill level 5 in Translocations
  2891 | D:11     | Reached skill level 5 in Fire Magic
  2891 | D:11     | Reached skill level 5 in Ice Magic
  2891 | D:11     | Reached skill level 5 in Air Magic
  2891 | D:11     | Reached skill level 5 in Earth Magic
  2891 | D:11     | Reached skill level 5 in Poison Magic
  2896 | D:11     | Reached **** piety under Cheibriados
  2899 | D:11     | Killed Erica
  2899 | D:11     | Reached skill level 8 in Spellcasting
  2933 | D:11     | Found Teivef's Antique Weapon Shop.
  2973 | D:11     | Noticed Nergalle
  2982 | D:11     | Killed Nergalle
  2982 | D:11     | Reached XP level 11. HP: 59/83 MP: 23/23
  2986 | D:11     | Noticed a manticore
  2987 | D:11     | Killed a manticore
  2987 | D:11     | Reached skill level 7 in Invocations
  3002 | D:11     | Reached skill level 7 in Fighting
  3002 | D:11     | Reached skill level 8 in Dodging
  3022 | D:11     | HP: 8/84 [large slime creature (31)]
  3095 | D:12     | Reached ***** piety under Cheibriados
  3151 | D:12     | Killed an unseen horror
  3168 | D:12     | Learned a level 5 spell: Borgnjor's Vile Clutch
  3381 | D:9      | Reached skill level 7 in Transmutations
  3454 | Lair:1   | Entered Level 1 of the Lair of Beasts
  3488 | Lair:2   | Gained mutation: You are somewhat resistant to further mutation. [potion of mutation]
  3488 | Lair:2   | Gained mutation: You are agile. (Dex +2) [potion of mutation]
  3535 | Lair:2   | Got an ancient trident
  3536 | Lair:2   | Identified the +3 trident of Xyma {pierce, *Noise +Blink +Rage rF++} (You found it on level 2 of the Lair of Beasts)
  3537 | Lair:2   | Identified the cursed +0 trident of Jah Rot {flame, *Slow Str+5 Dex+4} (You found it on level 10 of the Dungeon)
  3539 | Lair:2   | Identified the +1 robe "Fioclub" {Str+3 Int+2 Dex+2} (You found it on level 8 of the Dungeon)
  3663 | Lair:1   | Reached skill level 7 in Short Blades
  3663 | Lair:1   | Reached skill level 7 in Long Blades
  3663 | Lair:1   | Reached skill level 7 in Axes
  3663 | Lair:1   | Reached skill level 7 in Maces & Flails
  3663 | Lair:1   | Reached skill level 7 in Polearms
  3663 | Lair:1   | Reached skill level 7 in Staves
  3663 | Lair:1   | Reached skill level 7 in Slings
  3663 | Lair:1   | Reached skill level 7 in Bows
  3663 | Lair:1   | Reached skill level 7 in Crossbows
  3663 | Lair:1   | Reached skill level 7 in Throwing
  3663 | Lair:1   | Reached skill level 7 in Armour
  3663 | Lair:1   | Reached skill level 7 in Stealth
  3663 | Lair:1   | Reached skill level 7 in Shields
  3663 | Lair:1   | Reached skill level 7 in Evocations
  3710 | Lair:2   | Learned a level 4 spell: Ice Form
  3771 | Lair:2   | Found a frozen archway.
  3821 | IceCv    | Entered an ice cave
  3845 | IceCv    | Reached XP level 12. HP: 44/91 MP: 24/24
  3920 | IceCv    | Learned a level 3 spell: Conjure Flame
  3951 | IceCv    | Reached skill level 6 in Conjurations
  3951 | IceCv    | Reached skill level 6 in Hexes
  3951 | IceCv    | Reached skill level 6 in Charms
  3951 | IceCv    | Reached skill level 6 in Summonings
  3951 | IceCv    | Reached skill level 6 in Necromancy
  3951 | IceCv    | Reached skill level 6 in Translocations
  3951 | IceCv    | Reached skill level 6 in Fire Magic
  3951 | IceCv    | Reached skill level 6 in Ice Magic
  3951 | IceCv    | Reached skill level 6 in Air Magic
  3951 | IceCv    | Reached skill level 6 in Earth Magic
  3951 | IceCv    | Reached skill level 6 in Poison Magic
  3994 | IceCv    | Reached skill level 8 in Invocations
  4017 | IceCv    | Reached skill level 9 in Spellcasting
  4162 | IceCv    | Noticed a death yak
  4162 | IceCv    | Noticed a frost giant
  4168 | IceCv    | Reached skill level 8 in Fighting
  4168 | IceCv    | Reached skill level 10 in Unarmed Combat
  4170 | IceCv    | Reached skill level 9 in Dodging
  4172 | IceCv    | Killed a death yak
  4175 | IceCv    | Killed a frost giant
  4203 | IceCv    | Identified Sif Muna's Grimoire of Limited Liability
  4233 | Lair:2   | Learned a level 2 spell: Blink
  4414 | Lair:5   | Identified a scroll of acquirement
  4415 | Lair:5   | Identified Tongeiq's Collected Works on Aid and Curses (You acquired it on level 5 of the Lair of Beasts)
  4421 | Lair:5   | Learned a level 3 spell: Regeneration
  4426 | Lair:5   | Noticed a five-headed hydra
  4434 | Lair:5   | Killed a five-headed hydra
  4437 | Lair:5   | Reached XP level 13. HP: 78/99 MP: 10/26
  4438 | Lair:5   | Reached skill level 8 in Short Blades
  4438 | Lair:5   | Reached skill level 8 in Long Blades
  4438 | Lair:5   | Reached skill level 8 in Axes
  4438 | Lair:5   | Reached skill level 8 in Maces & Flails
  4438 | Lair:5   | Reached skill level 8 in Polearms
  4438 | Lair:5   | Reached skill level 8 in Staves
  4438 | Lair:5   | Reached skill level 8 in Slings
  4438 | Lair:5   | Reached skill level 8 in Bows
  4438 | Lair:5   | Reached skill level 8 in Crossbows
  4438 | Lair:5   | Reached skill level 8 in Throwing
  4438 | Lair:5   | Reached skill level 8 in Armour
  4438 | Lair:5   | Reached skill level 8 in Stealth
  4438 | Lair:5   | Reached skill level 8 in Shields
  4438 | Lair:5   | Reached skill level 8 in Evocations
  4459 | Lair:6   | Entered Level 6 of the Lair of Beasts
  4570 | Lair:6   | Reached skill level 9 in Invocations
  4628 | Lair:6   | Reached skill level 8 in Transmutations
  4683 | Lair:6   | Reached skill level 7 in Conjurations
  4683 | Lair:6   | Reached skill level 7 in Hexes
  4683 | Lair:6   | Reached skill level 7 in Charms
  4683 | Lair:6   | Reached skill level 7 in Summonings
  4683 | Lair:6   | Reached skill level 7 in Necromancy
  4683 | Lair:6   | Reached skill level 7 in Translocations
  4683 | Lair:6   | Reached skill level 7 in Fire Magic
  4683 | Lair:6   | Reached skill level 7 in Ice Magic
  4683 | Lair:6   | Reached skill level 7 in Air Magic
  4683 | Lair:6   | Reached skill level 7 in Earth Magic
  4683 | Lair:6   | Reached skill level 7 in Poison Magic
  4704 | Lair:6   | Reached ****** piety under Cheibriados
  4791 | Lair:6   | Reached skill level 9 in Fighting
  4863 | Lair:6   | Reached skill level 10 in Spellcasting
  5102 | Lair:6   | Reached XP level 14. HP: 108/108 MP: 26/28
  5106 | Lair:6   | Reached skill level 10 in Dodging
  5111 | Lair:6   | Reached skill level 9 in Short Blades
  5111 | Lair:6   | Reached skill level 9 in Long Blades
  5111 | Lair:6   | Reached skill level 9 in Axes
  5111 | Lair:6   | Reached skill level 9 in Maces & Flails
  5111 | Lair:6   | Reached skill level 9 in Polearms
  5111 | Lair:6   | Reached skill level 9 in Staves
  5111 | Lair:6   | Reached skill level 9 in Slings
  5111 | Lair:6   | Reached skill level 9 in Bows
  5111 | Lair:6   | Reached skill level 9 in Crossbows
  5111 | Lair:6   | Reached skill level 9 in Throwing
  5111 | Lair:6   | Reached skill level 9 in Armour
  5111 | Lair:6   | Reached skill level 9 in Stealth
  5111 | Lair:6   | Reached skill level 9 in Shields
  5111 | Lair:6   | Reached skill level 11 in Unarmed Combat
  5111 | Lair:6   | Reached skill level 9 in Evocations
  5141 | Lair:6   | Killed from afar by a lindwurm

Vault maps used:
D:1:      erik_arrival_orb_chamber
D:3:      minmay_diamond_boxcup, fedhas_altar_1, nicolae_overflow_crystal_walls,
          nicolae_gozag_seed_capital, lemuel_zombie_altar_kikubaaqudgha,
          first_ration
D:4:      nicolae_dithmenos_the_darkroom, lemuel_coloured_pillars_altar,
          yredelemnul_altar_generic, serial_shops, nicolae_shop_stone,
          nicolae_ru_path_of_blood
D:5:      grunt_qazlal_sundering, zin_treasury, minmay_temple_entry_crystal_x,
          makhleb_heckhound_becter
D:6:      old_standard_altar
D:7:      uniq_crazy_yiuf_cottage
D:8:      grunt_ogre_cave
D:9:      dpeg_oklobed_lair, orc_0_dummy
D:10:     minmay_misc_feat_square
D:11:     serial_shops, shop, uniq_nergalle, uniq_erica, uniq_maurice,
          uniq_fannar
D:12:     basic_altar, uniq_josephine
Temple:   nicolae_temple_x_marks_the_god
Lair:1:   uniq_gastronok
Lair:2:   portal_ice_cave_entry_pillars_1, serial_bayou_lake_a
Lair:3:   dummy_spider_entry, uniq_urug
Lair:4:   elwin_shoals_entry_rooms, special_room
Lair:5:   nicolae_slime_entry_slimehenge, grunt_megastairs_3,
          lemuel_fruit_fields, infiniplex_staircase_pool_2
Lair:6:   hangedman_lair_tendril_chambers, hangedman_lair_in_review,
          hangedman_lair_unloving_vines
IceCv:    ice_cave_caverns_03

Skill      XL: |  1  2  3  4  5  6  7  8  9 10 11 12 13 14 |
---------------+-------------------------------------------+-----
Spellcasting   | 5 7 8 9 10 | 10.2
Invocations    | 1 2 3 5 6 7 8 9 |  9.7
Short Blades   | 1 2 5 6 7 8 9 |  9.0
Long Blades    | 1 2 5 6 7 8 9 |  9.0
Axes           | 1 2 5 6 7 8 9 |  9.0
Maces & Flails | 1 2 5 6 7 8 9 |  9.0
Polearms       | 1 2 5 6 7 8 9 |  9.0
Staves         | 1 2 5 6 7 8 9 |  9.0
Slings         | 1 2 5 6 7 8 9 |  9.0
Bows           | 1 2 5 6 7 8 9 |  9.0
Crossbows      | 1 2 5 6 7 8 9 |  9.0
Throwing       | 1 2 5 6 7 8 9 |  9.0
Armour         | 1 2 5 6 7 8 9 |  9.0
Stealth        | 1 2 5 6 7 8 9 |  9.0
Shields        | 1 2 5 6 7 8 9 |  9.0
Evocations     | 1 2 5 6 7 8 9 |  9.0
Conjurations   | 1 2 4 5 6 7 |  7.4
Hexes          | 1 2 4 5 6 7 |  7.4
Charms         | 1 2 4 5 6 7 |  7.4
Summonings     | 1 2 4 5 6 7 |  7.4
Necromancy     | 1 2 4 5 6 7 |  7.4
Translocations | 1 2 4 5 6 7 |  7.4
Fire Magic     | 1 2 4 5 6 7 |  7.4
Ice Magic      | 1 2 4 5 6 7 |  7.4
Air Magic      | 1 2 4 5 6 7 |  7.4
Earth Magic    | 1 2 4 5 6 7 |  7.4
Poison Magic   | 1 2 4 5 6 7 |  7.4
Fighting       | 3 6 7 8 9 |  9.3
Transmutations | 4 5 6 7 8 |  8.4
Dodging        | 5 7 8 9 10 | 10.0
Unarmed Combat | 7 8 9 10 11 | 11.0

Action                   |  1- 3 |  4- 6 |  7- 9 | 10-12 | 13-15 || total
-------------------------+-------+-------+-------+-------+-------++-------
Melee: Unarmed           |    88 |    66 |    97 |   227 |   146 ||   624
       Headbutt          |     5 |       |       |       |       ||     5
       Bite              |     3 |       |     1 |    21 |    27 ||    52
       Kick              |     2 |       |     4 |       |     6 ||    12
       Dagger            |       |       |    10 |    15 |     3 ||    28
       Punch             |       |       |     1 |     8 |     7 ||    16
Throw: Tomahawk          |       |       |    22 |    53 |     8 ||    83
 Cast: Beastly Appendage |    12 |       |     2 |     1 |     1 ||    16
       Sticks to Snakes  |     2 |     3 |    11 |    10 |     7 ||    33
       Spider Form       |     8 |    10 |    15 |    10 |       ||    43
       Blade Hands       |       |       |     1 |    22 |    15 ||    38
       Borgnjor's Vile C |       |       |       |     8 |    10 ||    18
       Conjure Flame     |       |       |       |    10 |       ||    10
       Ice Form          |       |       |       |     3 |       ||     3
       Regeneration      |       |       |       |     1 |    10 ||    11
       Blink             |       |       |       |       |     1 ||     1
Invok: Slouch            |       |       |       |     7 |     5 ||    12
 Abil: End Transformatio |       |       |     1 |    10 |     3 ||    14
Evoke: Wand              |       |       |     5 |    48 |       ||    53
  Use: Scroll            |       |     8 |     1 |    14 |     3 ||    26
       Potion            |       |     1 |     2 |     5 |     1 ||     9
 Stab: Sleeping          |     1 |       |     4 |     3 |     1 ||     9
       Distracted        |     2 |     1 |       |     3 |     1 ||     7
       Petrified         |       |       |       |       |     2 ||     2
  Eat: Chunk             |       |     2 |     4 |     6 |     5 ||    17
       Ration            |       |       |     1 |       |       ||     1
Armor: Robe              |     9 |       |       |       |       ||     9
       Skin              |     1 |     3 |     2 |     6 |       ||    12
       Ring mail         |       |       |     2 |    60 |    38 ||   100
Dodge: Dodged            |    48 |    71 |    76 |   266 |   185 ||   646

Table legend:
 A = Spawn XP
 B = Non-spawn XP
 C = Spawn XP percentage of total XP
 D = Spawn monster count
 E = Non-spawn monster count
 F = Spawn count percentage of total count
 G = Total turns spent on level
                    A         B        C        D         E        F      G
               +---------+---------+-------+---------+---------+-------+---------
         Total |       0 |   57807 |   0.0 |       0 |     371 |   0.0 |  5141
               +---------+---------+-------+---------+---------+-------+---------
           D:1 |       0 |      37 |   0.0 |       0 |      24 |   0.0 |   307
           D:2 |       0 |      18 |   0.0 |       0 |      10 |   0.0 |   118
           D:3 |       0 |      26 |   0.0 |       0 |       8 |   0.0 |   103
           D:4 |       0 |     127 |   0.0 |       0 |       5 |   0.0 |   192
           D:5 |       0 |     128 |   0.0 |       0 |      12 |   0.0 |   253
           D:6 |       0 |     843 |   0.0 |       0 |      20 |   0.0 |   456
           D:7 |       0 |     511 |   0.0 |       0 |      21 |   0.0 |   423
           D:8 |       0 |    2051 |   0.0 |       0 |      23 |   0.0 |   479
           D:9 |       0 |    1932 |   0.0 |       0 |      22 |   0.0 |   449
          D:10 |       0 |     101 |   0.0 |       0 |       9 |   0.0 |   129
          D:11 |       0 |    8181 |   0.0 |       0 |      44 |   0.0 |   418
          D:12 |       0 |    1312 |   0.0 |       0 |      13 |   0.0 |    95
        Lair:1 |       0 |     145 |   0.0 |       0 |       1 |   0.0 |    69
        Lair:2 |       0 |    1564 |   0.0 |       0 |      12 |   0.0 |   354
        Lair:3 |       0 |     121 |   0.0 |       0 |       1 |   0.0 |    26
        Lair:4 |       0 |    1337 |   0.0 |       0 |       7 |   0.0 |    64
        Lair:5 |       0 |    4238 |   0.0 |       0 |      13 |   0.0 |   128
        Lair:6 |       0 |   23995 |   0.0 |       0 |      83 |   0.0 |   641
         IceCv |       0 |   11140 |   0.0 |       0 |      43 |   0.0 |   405
               +---------+---------+-------+---------+---------+-------+---------

Table legend:
 A = Turns spent in this place as a percentage of turns spent in the entire game.
 B = Non-inter-level travel turns spent in this place as a percentage of non-inter-level travel turns spent in the entire game.
 C = Inter-level travel turns spent in this place as a percentage of turns spent in this place.
 D = Turns resting spent in this place as a percentage of non-inter-level travel turns spent in this place.
 E = Turns spent auto-exploring this place as a percentage of non-inter-level travel turns spent in this place.
 F = Non-inter-level travel turns spent in this place divided by the number of levels of this place that you've seen.
                   A       B       C       D       E      F
               +-------+-------+-------+-------+-------+----------------------
         Total | 100.0 | 100.0 |   1.9 |   0.1 |   0.0 | 252.1
       Dungeon |  66.6 |  66.4 |   2.2 |   0.0 |   0.0 | 278.8
        Temple |   0.6 |   0.5 |  28.1 |   0.0 |   0.0 |  23.0
          Lair |  24.9 |  25.1 |   1.2 |   0.6 |   0.0 | 211.2
      Ice Cave |   7.9 |   8.0 |   0.0 |   0.0 |   0.0 | 405.0
               +-------+-------+-------+-------+-------+----------------------

Table legend:
 A = Kills in this place as a percentage of kills in entire the game.
 B = Kills by you in this place as a percentage of kills by you in the entire game.
 C = Kills by friends in this place as a percentage of kills by friends in the entire game.
 D = Other kills in this place as a percentage of other kills in the entire game.
 E = Experience gained in this place as a percentage of experience gained in the entire game.
 F = Experience gained in this place divided by the number of levels of this place that you have seen.
                   A       B       C       D       E      F
               +-------+-------+-------+-------+-------+----------------------
         Total | 100.0 | 100.0 | 100.0 |   N/A | 100.0 | 2890.4
       Dungeon |  56.9 |  56.9 |  54.5 |   N/A |  26.4 | 1272.2
          Lair |  31.5 |  31.4 |  36.4 |   N/A |  54.3 | 5233.3
      Ice Cave |  11.6 |  11.7 |   9.1 |   N/A |  19.3 | 11140.0
               +-------+-------+-------+-------+-------+----------------------

Vault maps used:
D:1:      erik_arrival_orb_chamber
D:3:      minmay_diamond_boxcup, fedhas_altar_1, nicolae_overflow_crystal_walls,
          nicolae_gozag_seed_capital, lemuel_zombie_altar_kikubaaqudgha,
          first_ration
D:4:      nicolae_dithmenos_the_darkroom, lemuel_coloured_pillars_altar,
          yredelemnul_altar_generic, serial_shops, nicolae_shop_stone,
          nicolae_ru_path_of_blood
D:5:      grunt_qazlal_sundering, zin_treasury, minmay_temple_entry_crystal_x,
          makhleb_heckhound_becter
D:6:      old_standard_altar
D:7:      uniq_crazy_yiuf_cottage
D:8:      grunt_ogre_cave
D:9:      dpeg_oklobed_lair, orc_0_dummy
D:10:     minmay_misc_feat_square
D:11:     serial_shops, shop, uniq_nergalle, uniq_erica, uniq_maurice,
          uniq_fannar
D:12:     basic_altar, uniq_josephine
Temple:   nicolae_temple_x_marks_the_god
Lair:1:   uniq_gastronok
Lair:2:   portal_ice_cave_entry_pillars_1, serial_bayou_lake_a
Lair:3:   dummy_spider_entry, uniq_urug
Lair:4:   elwin_shoals_entry_rooms, special_room
Lair:5:   nicolae_slime_entry_slimehenge, grunt_megastairs_3,
          lemuel_fruit_fields, infiniplex_staircase_pool_2
Lair:6:   hangedman_lair_tendril_chambers, hangedman_lair_in_review,
          hangedman_lair_unloving_vines
IceCv:    ice_cave_caverns_03
